[Event "NOR-chT Eliteserien 2018-19"]
[Site "Norway"]
[Date "2019.01.13"]
[Round "6"]
[White "Machlik, Edit"]
[Black "Tryggestad, Andreas Garberg"]
[Result "0-1"]
[ECO "D92"]
[WhiteElo "2112"]
[BlackElo "2333"]
[Annotator "NA"]
[PlyCount "130"]
[EventDate "2018.11.02"]
[EventType "team-tourn"]
[EventCountry "NOR"]
[SourceTitle "playchess.com"]
[Source "ChessBase"]
[SourceQuality "1"]
[TimeControl "40/5400+30:1800+30"]

1. d4 Nf6 2. c4 g6 3. Nc3 d5 4. Nf3 Bg7 5. Bf4 dxc4 6. e4 Bg4 7. Bxc4 O-O 8. Be2 c6 9. Be3 a5 10. O-O Na6 11. Rc1 Be6 12. h3 Nb4 13. b3 h6 14. a3 Na6 15. Qc2 Nd7 16. Rfd1 Nb6 17. Ne5 Nd7 18. Nf3 Rc8 19. Bxa6 bxa6 20. Na4 Kh7 21. Nc5 Nxc5 22. dxc5 Qc7 23. Bd4 Rfd8 24. Bxg7 Kxg7 25. Nd4 Qe5 26. Nxe6+ Qxe6 27. Qc3+ Kh7 28. Qc4 Qxc4 29. bxc4 Rb8 30. Rxd8 Rxd8 31. Rb1 Rd4 32. Rb6 Rxe4 33. Rxa6 Rxc4 34. Rxc6 Kg7 35. Rc7 Kf6 36. c6 Ra4 37. Ra7 Rxa3 38. c7 Rc3 39. Ra6+ e6 40. Rxa5 Rxc7 41. g3 g5 42. Ra4 Kf5 43. Kg2 Rc2 44. h4 gxh4 45. Rxh4 Kg5 46. Ra4 f5 47. Ra6 e5 48. Kf3 Rc3+ 49. Ke2 f4 50. gxf4+ exf4 51. f3 Rc2+ 52. Kf1 Kh4 53. Rxh6+ Kg3 54. Ra6 Rf2+ 55. Kg1 Rb2 56. Kf1 Rb3 57. Ke2 Re3+ 58. Kf1 Rxf3+ 59. Ke2 Rf2+ 60. Ke1 Rb2 61. Ra8 Rb1+ 62. Ke2 f3+ 63. Kd2 f2 64. Rg8+ Kh4 65. Rh8+ Kg5 0-1

[Event "NOR-chT Eliteserien 2018-19"]
[Site "Norway"]
[Date "2019.01.13"]
[Round "6"]
[White "Mikalsen, Harald"]
[Black "Diesen, Bruce"]
[Result "0-1"]
[ECO "A29"]
[WhiteElo "2006"]
[BlackElo "2144"]
[Annotator "NA"]
[PlyCount "60"]
[EventDate "2018.11.02"]
[EventType "team-tourn"]
[EventCountry "NOR"]
[SourceTitle "playchess.com"]
[Source "ChessBase"]
[SourceQuality "1"]
[TimeControl "40/5400+30:1800+30"]

1. c4 Nf6 2. Nc3 e5 3. g3 Bb4 4. Bg2 O-O 5. a3 Bxc3 6. dxc3 d6 7. Nf3 Nc6 8. O-O Be6 9. b3 h6 10. Qc2 Qd7 11. Rd1 Bf5 12. Qd2 Rae8 13. b4 Bh3 14. Qe1 Bxg2 15. Kxg2 Qe6 16. c5 dxc5 17. Be3 cxb4 18. axb4 a6 19. Rdc1 Rd8 20. c4 e4 21. Nd2 Rfe8 22. Nb3 Ng4 23. Nc5 Qc8 24. Qc3 Nxe3+ 25. fxe3 h5 26. b5 Nb8 27. Rcb1 Rd6 28. bxa6 bxa6 29. Qb2 Nd7 30. Nxa6 Rxa6 0-1

[Event "NOR-chT Eliteserien 2018-19"]
[Site "Norway"]
[Date "2019.03.08"]
[Round "7.1"]
[White "Notkevich, Benjamin Arvola"]
[Black "Lie, Espen"]
[Result "1/2-1/2"]
[ECO "B04"]
[WhiteElo "2495"]
[BlackElo "2492"]
[Annotator "RC"]
[PlyCount "81"]
[EventDate "2018.11.02"]
[EventType "team-tourn"]
[EventCountry "NOR"]
[SourceTitle "playchess.com"]
[Source "ChessBase"]
[SourceQuality "1"]
[TimeControl "40/5400+30:1800+30"]

1. e4 Nf6 2. e5 Nd5 3. d4 d6 4. Nf3 dxe5 5. Nxe5 c6 6. Be2 Bf5 7. O-O Nd7 8. Nf3 e6 9. c4 N5f6 10. Nc3 Bd6 11. Nh4 Bg6 12. g3 O-O 13. Be3 Re8 14. Nxg6 hxg6 15. Rc1 e5 16. d5 c5 17. f3 Nh5 18. Qd2 f5 19. Kg2 a6 20. Rce1 Ndf6 21. Bd1 Kf7 22. Bc2 Qc8 23. Bg5 Rh8 24. Qd3 Qg8 25. g4 Nf4+ 26. Bxf4 exf4 27. gxf5 g5 28. Kg1 Qh7 29. Rf2 g4 30. Re6 g3 31. Rg2 Rae8 32. Qe2 Qh3 33. Ne4 Nxe4 34. Bxe4 Be5 35. Kh1 Bd4 36. Rb6 Rxe4 37. Rxb7+ Kf8 38. Rb8+ Kf7 39. Rb7+ Kf8 40. Rb8+ Kf7 41. Rb7+ 1/2-1/2

[Event "NOR-chT Eliteserien 2018-19"]
[Site "Norway"]
[Date "2019.03.08"]
[Round "7.2"]
[White "Hobber, Anders"]
[Black "Vestby-Ellingsen, Mads"]
[Result "0-1"]
[ECO "A48"]
[WhiteElo "2310"]
[BlackElo "2358"]
[Annotator "RC"]
[PlyCount "81"]
[EventDate "2018.11.02"]
[EventType "team-tourn"]
[EventCountry "NOR"]
[SourceTitle "playchess.com"]
[Source "ChessBase"]
[SourceQuality "1"]
[TimeControl "40/5400+30:1800+30"]

1. d4 Nf6 2. Nf3 g6 3. c3 Bg7 4. Bg5 O-O 5. Nbd2 d6 6. e4 c5 7. dxc5 dxc5 8. Bc4 Nc6 9. Qe2 Qc7 10. O-O Na5 11. Bd3 b6 12. e5 Nd5 13. Be4 Bb7 14. c4 Nb4 15. Bxb7 Qxb7 16. a3 Nbc6 17. Rae1 Rfe8 18. Qe4 Rad8 19. Qh4 Nd4 20. Re4 Nf5 21. Qh3 Nb3 22. Rfe1 Rd3 23. Nxb3 Rxb3 24. Qg4 Rxb2 25. Bc1 Rc2 26. Ng5 h6 27. Nh3 e6 28. Qd1 Nd4 29. Rh4 Rxc4 30. Kh1 Qe7 31. Ree4 Rd8 32. Qf1 Nf5 33. Qxc4 Rd1+ 34. Ng1 Nxh4 35. Bxh6 Bxh6 36. Rxh4 Qg5 37. g3 Qxe5 38. Rxh6 Qe1 39. Kg2 Qxg1+ 40. Kf3 Qh1+ 41. Ke3 0-1

[Event "NOR-chT Eliteserien 2018-19"]
[Site "Norway"]
[Date "2019.03.08"]
[Round "7.3"]
[White "Lund, Gunnar"]
[Black "Hole, Oystein"]
[Result "1/2-1/2"]
[ECO "B13"]
[WhiteElo "2228"]
[BlackElo "2299"]
[Annotator "ChessBase"]
[PlyCount "83"]
[EventDate "2018.11.02"]
[EventType "team-tourn"]
[EventCountry "NOR"]
[SourceTitle "playchess.com"]
[Source "ChessBase"]
[SourceQuality "1"]
[TimeControl "40/5400+30:1800+30"]

1. e4 c6 2. d4 d5 3. exd5 cxd5 4. Bd3 Nc6 5. c3 Qc7 6. Ne2 Bg4 7. O-O e6 8. Qe1 Bxe2 9. Qxe2 Bd6 10. h3 Nf6 11. Nd2 O-O 12. Nf3 e5 13. Nxe5 Nxe5 14. dxe5 Bxe5 15. Be3 Rfe8 16. Qf3 Rad8 17. Rad1 a6 18. Bc2 Re7 19. Bb3 Red7 20. Bd4 Bxd4 21. Rxd4 b5 22. Rfd1 Qc5 23. a3 h6 24. g3 Rd6 25. Kg2 R8d7 26. Ba2 Rd8 27. Qf5 Qc6 28. Kg1 R6d7 29. Bb1 Qe6 30. Qf3 Re7 31. Qg2 Qe2 32. R4d2 Qc4 33. Bd3 Qc5 34. Bc2 Qc4 35. Bd3 Qc5 36. Bc2 Qc4 37. Qf1 Qxf1+ 38. Kxf1 Kf8 39. a4 bxa4 40. Bxa4 Rb8 41. Bc6 Rc7 42. Bxd5 1/2-1/2

[Event "NOR-chT Eliteserien 2018-19"]
[Site "Norway"]
[Date "2019.03.08"]
[Round "7.4"]
[White "Skrondal, Inge Sandstad"]
[Black "Machlik, Edit"]
[Result "1-0"]
[ECO "B13"]
[WhiteElo "2281"]
[BlackElo "2112"]
[Annotator "RC"]
[PlyCount "99"]
[EventDate "2018.11.02"]
[EventType "team-tourn"]
[EventCountry "NOR"]
[SourceTitle "playchess.com"]
[Source "ChessBase"]
[SourceQuality "1"]
[TimeControl "40/5400+30:1800+30"]

1. e4 c6 2. d4 d5 3. exd5 cxd5 4. Bd3 Nc6 5. c3 Nf6 6. Bf4 g6 7. Nd2 Bg7 8. Ngf3 O-O 9. h3 Re8 10. O-O Bf5 11. Be2 Rc8 12. Re1 a6 13. Nf1 Ne4 14. Ne3 Nf6 15. Nxf5 gxf5 16. Bd3 e6 17. Qd2 Ne4 18. Qe3 Kh8 19. Ng5 Nxg5 20. Bxg5 Bf6 21. Bf4 Rg8 22. Rac1 Bg5 23. Be2 Bxf4 24. Qxf4 Qg5 25. Qxg5 Rxg5 26. Kf1 Rgg8 27. Bd3 Ne7 28. g3 Rg7 29. Ke2 Ng8 30. c4 dxc4 31. Rxc4 Rxc4 32. Bxc4 Nf6 33. Rc1 Rg8 34. Bb3 Rd8 35. Rc7 Rd7 36. Rxd7 Nxd7 37. Kd3 Kg7 38. Bd1 b6 39. Bf3 Nf6 40. Bb7 Nd5 41. Bxd5 exd5 42. Ke3 Kf6 43. Kf4 h6 44. f3 b5 45. b4 Ke6 46. g4 f6 47. h4 fxg4 48. fxg4 f5 49. gxf5+ Kf6 50. h5 1-0

[Event "NOR-chT Eliteserien 2018-19"]
[Site "Norway"]
[Date "2019.03.08"]
[Round "7.6"]
[White "Gudbrandsen, Gustav"]
[Black "Machlik, Monika"]
[Result "1-0"]
[ECO "B13"]
[WhiteElo "2241"]
[BlackElo "2071"]
[Annotator "RC"]
[PlyCount "142"]
[EventDate "2018.11.02"]
[EventType "team-tourn"]
[EventCountry "NOR"]
[SourceTitle "playchess.com"]
[Source "ChessBase"]
[SourceQuality "1"]
[TimeControl "40/5400+30:1800+30"]

1. e4 c6 2. d4 d5 3. exd5 cxd5 4. Bd3 Nc6 5. c3 Nf6 6. Nf3 Bg4 7. h3 Bh5 8. Bf4 e6 9. Qb3 Qc8 10. Nbd2 Be7 11. O-O O-O 12. Rfe1 Bg6 13. Bxg6 hxg6 14. a4 Bd8 15. Bd6 Re8 16. Rac1 Bc7 17. Bxc7 Qxc7 18. g3 Rac8 19. Qc2 Na5 20. Ne5 Nc6 21. Qd3 Nxe5 22. Rxe5 Nd7 23. Ree1 Nb6 24. b3 Nd7 25. c4 dxc4 26. Rxc4 Qb8 27. Rec1 Nb6 28. Rxc8 Rxc8 29. Rc5 Nd7 30. Rxc8+ Qxc8 31. Nc4 Nf6 32. Qf3 Qd7 33. Qf4 Qc8 34. g4 Nd5 35. Qxf7+ Kxf7 36. Nd6+ Kf6 37. Nxc8 Nf4 38. Nxa7 Ne2+ 39. Kg2 Nxd4 40. b4 Ke5 41. Nc8 Kd5 42. Nb6+ Kc6 43. Nc4 Kd5 44. Ne3+ Ke4 45. Nc4 Kd5 46. Nb2 Nc2 47. Nd3 Kc4 48. Nc5 b6 49. Nd7 Kxb4 50. Nxb6 Nd4 51. Nd7 Kxa4 52. Ne5 Kb5 53. Nxg6 Kc5 54. Kg3 Kd5 55. Nf4+ Ke4 56. f3+ Ke5 57. Nh5 g6 58. Nf4 g5 59. Nd3+ Kf6 60. Kf2 Nc2 61. Ke2 Na3 62. Nc5 Ke5 63. Nd3+ Kd4 64. Nf2 Ke5 65. Ne4 Kf4 66. Kf2 Nc2 67. Nc5 Ke5 68. Kg3 Ne3 69. Ne4 Nf1+ 70. Kf2 Kf4 71. Kxf1 e5 1-0

[Event "NOR-chT Eliteserien 2018-19"]
[Site "Norway"]
[Date "2019.03.08"]
[Round "7.8"]
[White "Djurhuus, Rune"]
[Black "Mihajlov, Sebastian"]
[Result "1/2-1/2"]
[ECO "D45"]
[WhiteElo "2457"]
[BlackElo "2363"]
[Annotator "RC"]
[PlyCount "81"]
[EventDate "2018.11.02"]
[EventType "team-tourn"]
[EventCountry "NOR"]
[SourceTitle "playchess.com"]
[Source "ChessBase"]
[SourceQuality "1"]
[TimeControl "40/5400+30:1800+30"]

1. d4 d5 2. c4 c6 3. Nf3 Nf6 4. Nc3 e6 5. e3 Nbd7 6. Qc2 Bd6 7. Bd2 O-O 8. e4 dxe4 9. Nxe4 Nxe4 10. Qxe4 e5 11. dxe5 Nxe5 12. O-O-O Nxf3 13. Qxf3 Be5 14. Bf4 Bxf4+ 15. Qxf4 Qa5 16. a3 Bf5 17. Bd3 Bxd3 18. Rxd3 Rae8 19. Rhd1 Re2 20. Re3 Rxe3 21. Qxe3 h6 22. Rd7 b6 23. g4 Qa4 24. Qd3 Re8 25. Kb1 b5 26. cxb5 cxb5 27. Rd4 Qa5 28. Ka2 Qb6 29. f3 Qe6+ 30. Kb1 Qe1+ 31. Ka2 Qe6+ 32. Qb3 a6 33. Re4 Qc6 34. Rxe8+ Qxe8 35. Qd5 g6 36. Qd6 Qe2 37. Qxa6 Qc4+ 38. Kb1 Qd3+ 39. Ka2 Qc4+ 40. Ka1 Qc1+ 41. Ka2 1/2-1/2

[Event "NOR-chT Eliteserien 2018-19"]
[Site "Norway"]
[Date "2019.03.08"]
[Round "7.9"]
[White "Getz, Nicolai"]
[Black "Haug, Johannes"]
[Result "0-1"]
[ECO "C28"]
[WhiteElo "2392"]
[BlackElo "2402"]
[Annotator "RC"]
[PlyCount "60"]
[EventDate "2018.11.02"]
[EventType "team-tourn"]
[EventCountry "NOR"]
[SourceTitle "playchess.com"]
[Source "ChessBase"]
[SourceQuality "1"]
[TimeControl "40/5400+30:1800+30"]

1. e4 e5 2. Bc4 Nc6 3. Nc3 Nf6 4. d3 Na5 5. Qf3 c6 6. Nge2 d6 7. Bg5 Be7 8. Ng3 Bg4 9. Qe3 h6 10. Bxf6 Bxf6 11. f3 Nxc4 12. dxc4 Be6 13. Nf5 g6 14. Ng3 Bxc4 15. Rd1 Be7 16. b3 Be6 17. Qd3 Qb6 18. Ke2 Qa5 19. Nf1 b5 20. Ne3 Rd8 21. Kf2 b4 22. Ne2 O-O 23. h4 d5 24. h5 Kg7 25. g4 Qc5 26. f4 dxe4 27. Qxe4 Bd5 28. Qxe5+ Bf6 29. Qc7 Bxh1 30. Rxh1 Rde8 0-1

[Event "NOR-chT Eliteserien 2018-19"]
[Site "Norway"]
[Date "2019.03.08"]
[Round "7.10"]
[White "Tryggestad, Andreas Garberg"]
[Black "Ogaard, Leif"]
[Result "0-1"]
[ECO "D36"]
[WhiteElo "2333"]
[BlackElo "2382"]
[Annotator "RC"]
[PlyCount "88"]
[EventDate "2018.11.02"]
[EventType "team-tourn"]
[EventCountry "NOR"]
[SourceTitle "playchess.com"]
[Source "ChessBase"]
[SourceQuality "1"]
[TimeControl "40/5400+30:1800+30"]

1. d4 Nf6 2. c4 e6 3. Nf3 d5 4. Nc3 Be7 5. Bg5 O-O 6. Qc2 Nbd7 7. cxd5 exd5 8. e3 c6 9. Bd3 Re8 10. h3 Nf8 11. O-O-O Be6 12. Bf4 Rc8 13. Kb1 b5 14. g4 Qa5 15. Nd2 a6 16. Bh2 c5 17. dxc5 Bxc5 18. Nb3 Qb6 19. Nxc5 Rxc5 20. Qd2 Ne4 21. Bxe4 dxe4 22. Qd4 Qc6 23. Qd6 Bc4 24. b4 Bd3+ 25. Rxd3 exd3 26. Qxc6 Rxc6 27. Nd5 d2 28. Rd1 Rh6 29. Bg3 Rxh3 30. Nc7 Re4 31. Nxa6 Rh6 32. Nc7 Rc6 33. Nd5 Rc1+ 34. Rxc1 dxc1=Q+ 35. Kxc1 Rxg4 36. Kb2 h5 37. a4 bxa4 38. b5 Nd7 39. Bf4 Rg2 40. Bg3 g5 41. b6 Nxb6 42. Nxb6 h4 43. Be5 Rxf2+ 44. Ka3 g4 0-1

[Event "NOR-chT Eliteserien 2018-19"]
[Site "Norway"]
[Date "2019.03.08"]
[Round "7.11"]
[White "Galinsky, Timofey"]
[Black "Nordquelle, Daniel"]
[Result "1-0"]
[ECO "A07"]
[WhiteElo "2369"]
[BlackElo "2235"]
[Annotator "NA RC"]
[PlyCount "117"]
[EventDate "2018.11.02"]
[EventType "team-tourn"]
[EventCountry "NOR"]
[SourceTitle "playchess.com"]
[Source "ChessBase"]
[SourceQuality "1"]
[TimeControl "40/5400+30:1800+30"]

1. g3 d5 2. Bg2 Nf6 3. Nf3 Bf5 4. d3 h6 5. O-O e6 6. c4 {[%emt 0:01:59] A07: Réti Opening: New York and Capablanca Systems} (6. Nbd2 Be7 7. b3 O-O 8. Bb2 c5 9. Re1 Nc6 10. e4 Bh7 11. Ne5 Nxe5 12. Bxe5 Rc8 13. a4 b6 14. h3 Re8 15. f4 a6 16. Qe2 b5 17. axb5 axb5 {1-0 (32) Maghsoodloo,P (2584)-Van Wely,L (2675) Bandar e Anzali 2017}) 6... Bd6 7. Nc3 $146 ({Predecessor:} 7. Qb3 b6 8. cxd5 exd5 9. Nc3 c6 10. Nd4 Bh7 11. Re1 O-O 12. Bd2 Re8 13. Rac1 {0-1 (39) Figueroa,H (2005)-Silva,C Thessaloniki 1988}) 7... c5 8. Nh4 Bg4 9. cxd5 ({Only move:} 9. h3 $18 Bh5 10. cxd5) 9... g5 $2 (9... exd5 $14 10. Nxd5 Nxd5) 10. Qa4+ (10. dxe6 $142 fxe6 11. Bxb7) 10... Kf8 11. dxe6 Nc6 12. Nf3 Bxe6 13. Bd2 a6 14. Ne4 b5 15. Qc2 Nxe4 16. dxe4 Rc8 17. Rfd1 Qe7 (17... Nd4 $16 18. Nxd4 cxd4) 18. Be3 (18. Bc3 $18 {is the precise move to win.} Rg8 19. e5) 18... Kg7 19. a3 f6 20. h4 Rhd8 21. hxg5 hxg5 22. Qc3 Kg6 23. Rac1 Bc4 24. Qc2 Kg7 25. b3 Be6 26. Qb2 Kg6 27. Qb1 Kg7 28. Bd2 g4 29. Nh4 Nd4 $1 30. e5 Bxe5 31. Bh6+ Kg8 32. Rxd4 cxd4 (32... Rxd4 $11 33. Qg6+ Kh8) 33. Rxc8 Rxc8 34. Qg6+ Kh8 35. Nf5 Bxf5 36. Qxf5 Rc7 37. Qxg4 Qh7 38. Bd5 f5 39. Qh4 (39. Qg5 $16 Rd7 {[#]} 40. Be4 $1 ) 39... Rd7 40. f4 $1 Rxd5 41. fxe5 Qg6 42. Bg5+ Kg8 43. Bf6 Kf7 44. Kf2 $1 a5 45. Qh1 Ke6 46. Qh8 Qf7 47. Qc8+ Qd7 48. Qg8+ Qf7 49. Qa8 Qd7 50. g4 Kf7 51. Qh8 fxg4 52. Qg7+ Ke6 53. Qg8+ Kf5 54. Kg3 Ke4 55. e6 Qd6+ 56. Kg2 Re5 57. Qh7+ Ke3 $2 (57... Kd5 $11 58. Bxe5 Qxe5 59. Qd7+ {[%mdl 64] Double Attack} Qd6) 58. Bg5+ Rxg5 59. Qd3+ $18 1-0

[Event "NOR-chT Eliteserien 2018-19"]
[Site "Norway"]
[Date "2019.03.08"]
[Round "7.12"]
[White "Christenson, Flemming"]
[Black "Elseth, Roar"]
[Result "1/2-1/2"]
[ECO "B13"]
[WhiteElo "2204"]
[BlackElo "2278"]
[Annotator "NA RC"]
[PlyCount "66"]
[EventDate "2018.11.02"]
[EventType "team-tourn"]
[EventCountry "NOR"]
[SourceTitle "playchess.com"]
[Source "ChessBase"]
[SourceQuality "1"]
[TimeControl "40/5400+30:1800+30"]

1. d4 d5 2. Bf4 c5 3. e3 Nc6 4. Nc3 cxd4 5. exd4 Bf5 6. Nf3 {[%emt 0:02:21] B13: Caro-Kann: Exchange Variation and Panov-Botvinnik Attack} e6 7. Bd3 Bxd3 8. Qxd3 Rc8 $146 ({Predecessor:} 8... Nf6 9. Ne5 Be7 10. O-O O-O 11. Ne2 Rc8 12. c3 Nxe5 13. Bxe5 {½-½ (28) Gareyev,T (2592)-Nguyen,A (2468) Surakarta 2018}) 9. O-O Bd6 10. Bxd6 Qxd6 11. a3 Nge7 12. Rae1 a6 13. Nd1 Ng6 14. c3 O-O 15. Ng5 Nce7 16. g3 h6 17. Nf3 Qb6 18. h4 Nc6 19. h5 Nge7 20. Nh4 Na5 21. f4 Nc4 22. Re2 Nd6 23. Nf2 Nef5 24. Nxf5 exf5 25. Qf3 Ne4 26. Nd3 Qb5 27. Rg2 Qd7 28. Ne5 Qe6 29. Kh1 Kh7 30. Rfg1 Nf6 31. Re2 Ne4 32. Reg2 Nf6 33. Re2 Ne4 $11 1/2-1/2

[Event "NOR-chT Eliteserien 2018-19"]
[Site "Norway"]
[Date "2019.03.08"]
[Round "7.14"]
[White "Ranaldi, Lucas"]
[Black "Mikalsen, Erlend"]
[Result "1/2-1/2"]
[ECO "E07"]
[WhiteElo "2230"]
[BlackElo "2357"]
[Annotator "RC"]
[PlyCount "102"]
[EventDate "2018.11.02"]
[EventType "team-tourn"]
[EventCountry "NOR"]
[SourceTitle "playchess.com"]
[Source "ChessBase"]
[SourceQuality "1"]
[TimeControl "40/5400+30:1800+30"]

1. Nf3 d5 2. d4 Nf6 3. c4 e6 4. Nc3 Be7 5. g3 O-O 6. Bg2 c6 7. O-O Nbd7 8. Qd3 Qa5 9. Nd2 Rd8 10. Rd1 Rb8 11. cxd5 exd5 12. Nb3 Qb6 13. Bf4 Ra8 14. Qc2 a5 15. Na4 Qb5 16. Nbc5 Nxc5 17. dxc5 Bf5 18. Qxf5 Qxa4 19. Bc7 Re8 20. Be5 Qb5 21. Bxf6 Bxf6 22. e3 a4 23. Rab1 Qxc5 24. Bf1 Qe7 25. Bd3 g6 26. Qf3 Bg7 27. h4 h5 28. Qe2 Qc7 29. Qc2 Re7 30. Kg2 Qb6 31. Be2 Re4 32. a3 Qd8 33. b3 Qe7 34. b4 Re6 35. Bf3 Be5 36. Rd3 Kg7 37. b5 Ra5 38. bxc6 bxc6 39. Rb6 c5 40. Rb1 d4 41. Rb7 Qd6 42. Qc4 Re7 43. Rxe7 Qxe7 44. Bc6 Qa7 45. Bd5 f5 46. e4 f4 47. Rf3 Qd7 48. Be6 Qd6 49. Bd5 Qd7 50. Be6 Qd6 51. Bd5 Qd7 1/2-1/2

[Event "NOR-chT Eliteserien 2018-19"]
[Site "Norway"]
[Date "2019.03.08"]
[Round "7.15"]
[White "Flermoen, Peter"]
[Black "Gandrud, Vegar Koi"]
[Result "1/2-1/2"]
[ECO "B92"]
[WhiteElo "2314"]
[BlackElo "2321"]
[Annotator "RC"]
[PlyCount "87"]
[EventDate "2018.11.02"]
[EventType "team-tourn"]
[EventCountry "NOR"]
[SourceTitle "playchess.com"]
[Source "ChessBase"]
[SourceQuality "1"]
[TimeControl "40/5400+30:1800+30"]

1. e4 c5 2. Nf3 d6 3. d4 cxd4 4. Nxd4 Nf6 5. Nc3 a6 6. Be2 e5 7. Nb3 Be6 8. O-O Be7 9. f4 Nc6 10. Be3 exf4 11. Rxf4 O-O 12. Nd5 Ne5 13. c4 Ng6 14. Bb6 Qd7 15. Nxf6+ Bxf6 16. Rxf6 gxf6 17. Bd4 Ne5 18. Qe1 f5 19. c5 Bxb3 20. axb3 f6 21. Rd1 fxe4 22. Bxe5 fxe5 23. Bc4+ Kh8 24. Qxe4 Rae8 25. cxd6 Rf6 26. Qd5 Ree6 27. Qxe6 Rxe6 28. Bxe6 Qxe6 29. d7 Qb6+ 30. Kf1 Qd8 31. Ke2 Kg7 32. g4 Kf6 33. h4 Ke6 34. b4 b5 35. Rd2 Ke7 36. Rd1 Kf7 37. Rd6 Ke7 38. Rd1 Ke6 39. Rd2 Ke7 40. Rd1 h6 41. Rd2 Ke6 42. Rd1 Ke7 43. Rd2 Ke6 44. Rd1 1/2-1/2

[Event "NOR-chT Eliteserien 2018-19"]
[Site "Norway"]
[Date "2019.03.08"]
[Round "7.16"]
[White "Hagen, Anders Gjerdrum"]
[Black "Klukin, Kirill"]
[Result "1-0"]
[ECO "E50"]
[WhiteElo "2205"]
[BlackElo "2326"]
[Annotator "NA RC"]
[PlyCount "125"]
[EventDate "2018.11.02"]
[EventType "team-tourn"]
[EventCountry "NOR"]
[SourceTitle "playchess.com"]
[Source "ChessBase"]
[SourceQuality "1"]
[TimeControl "40/5400+30:1800+30"]

1. d4 Nf6 2. c4 e6 3. Nc3 Bb4 4. e3 Nc6 5. Nf3 O-O 6. Bd2 {[%emt 0:04:18] E50: Nimzo-Indian: Rubinstein: 4...0-0 5 Nf3} d6 7. a3 Bxc3 $1 8. Bxc3 Ne4 (8... Qe7 9. b4 e5 10. Be2 Bg4 11. O-O e4 12. Nd2 Bxe2 13. Qxe2 Rfe8 {0-1 (59) Riazantsev,A (2671)-Bologan,V (2640) Tallinn 2016}) 9. Qc2 Nxc3 10. Qxc3 a5 11. Be2 Qe7 12. Rc1 $146 ({Predecessor:} 12. O-O a4 {½-½ (77) Kolasa,P (1950)-Tomazini,Z (2405) Pardubice 2017}) 12... a4 13. O-O e5 14. d5 Nb8 15. c5 Nd7 (15... Bd7 $14) 16. cxd6 cxd6 17. Qc7 Re8 18. Nd2 Nf6 19. Qxe7 Rxe7 {[%emt 0:00:01] [#]} 20. Nc4 $1 Nxd5 21. Rfd1 ({Don't take} 21. Nxd6 Be6 $16) 21... Be6 22. Rxd5 Rc8 23. Rxd6 b5 24. Rb6 bxc4 25. Rb4 Ra7 26. Rc3 Kf8 27. Kf1 Ke7 28. Ke1 Kd6 29. Kd2 Rac7 30. Rxa4 Rb8 {[%emt 0:00:15] [#]} 31. Rb4 $1 ({Worse is} 31. Bxc4 Rxb2+ 32. Ke1 Ke7 $15) 31... Rcb7 32. Rxb7 Rxb7 33. Bxc4 Rxb2+ 34. Ke1 Bxc4 35. Rxc4 f5 36. Ra4 (36. h4 $16) 36... e4 (36... Rb1+ $11 37. Ke2 Rb2+ 38. Kf3 e4+ 39. Kg3 g5) 37. Ra7 ({Better is} 37. Ra6+ $16 Ke5 38. g3) 37... g5 (37... Rb1+ $1 $11 38. Kd2 Rb2+ 39. Kc3 Rxf2) 38. Rxh7 (38. g3 $16) 38... Rb1+ 39. Kd2 Rb2+ 40. Kc3 Rxf2 41. g4 f4 42. Kd4 Re2 $2 {[%emt 0:00:30] [#]} (42... Rf3 $11 {and Black has nothing to worry.} 43. Rh6+ Kd7 44. exf4 (44. Kxe4 Rxe3+ 45. Kd5 Rxa3 $11) 44... Rxf4) 43. Rh6+ (43. exf4 $1 $18 {is the precise move to win.} gxf4 44. Rf7) 43... Ke7 44. Rh3 $16 ({Much weaker is} 44. Kxe4 $6 Rxe3+ 45. Kd4 (45. Kf5 $2 f3 $19) 45... Rxa3 $11) 44... fxe3 45. Kxe4 Kf6 46. Rf3+ Kg6 47. h3 Rd2 48. Rxe3 Kf6 49. Rd3 Re2+ 50. Kd5 Rc2 51. Rf3+ Kg6 52. Kd4 Rc1 53. Rc3 Rb1 54. Kc4 Rb8 55. a4 Rc8+ 56. Kb4 Rb8+ 57. Ka3 Ra8 58. Rc6+ Kg7 59. Rc5 Kf6 60. Rf5+ Kg6 61. a5 Rh8 62. Rf3 Ra8 63. Ka4 1-0

[Event "NOR-chT Eliteserien 2018-19"]
[Site "Norway"]
[Date "2019.03.08"]
[Round "7.17"]
[White "Nielsen, Andre"]
[Black "Vitenberg, Noam Aviv"]
[Result "1-0"]
[ECO "B19"]
[WhiteElo "2211"]
[BlackElo "2139"]
[Annotator "RC"]
[PlyCount "97"]
[EventDate "2018.11.02"]
[EventType "team-tourn"]
[EventCountry "NOR"]
[SourceTitle "playchess.com"]
[Source "ChessBase"]
[SourceQuality "1"]
[TimeControl "40/5400+30:1800+30"]

1. e4 c6 2. d4 d5 3. Nc3 dxe4 4. Nxe4 Bf5 5. Ng3 Bg6 6. h4 h6 7. Nf3 Nd7 8. h5 Bh7 9. Bd3 Bxd3 10. Qxd3 e6 11. Bd2 Ngf6 12. O-O-O Be7 13. Ne4 Nxe4 14. Qxe4 Nf6 15. Qe2 Qd5 16. Kb1 Qb5 17. c4 Qf5+ 18. Ka1 O-O-O 19. Bc3 Ne4 20. Ne5 Nxc3 21. bxc3 Bd6 22. g4 Qf4 23. Nd3 Qg5 24. c5 Bc7 25. f4 Qe7 26. Rb1 f6 27. Qb2 Bb8 28. Rhe1 Rd7 29. Re4 Qf7 30. Qb3 Re8 31. Rbe1 f5 32. Rxe6 Rxe6 33. Qxe6 fxg4 34. Qxg4 Qc4 35. Kb2 Qxd3 36. Re7 Qd2+ 37. Kb3 Qd1+ 38. Qxd1 Rxe7 39. Qg4+ Kd8 40. f5 Bh2 41. Qh4 Bg1 42. f6 gxf6 43. Qg3 Be3 44. Qb8+ Kd7 45. Qxb7+ Ke8 46. Qxc6+ Kf7 47. Qd5+ Kg7 48. c6 Bf4 49. Qf5 1-0

[Event "NOR-chT Eliteserien 2018-19"]
[Site "Norway"]
[Date "2019.03.08"]
[Round "7.18"]
[White "Lindbol, Aleksander"]
[Black "Mikalsen, Harald"]
[Result "0-1"]
[ECO "C47"]
[WhiteElo "2204"]
[BlackElo "2006"]
[Annotator "NA RC"]
[PlyCount "78"]
[EventDate "2018.11.02"]
[EventType "team-tourn"]
[EventCountry "NOR"]
[SourceTitle "playchess.com"]
[Source "ChessBase"]
[SourceQuality "1"]
[TimeControl "40/5400+30:1800+30"]

1. e4 e5 2. Nc3 Nf6 3. g3 d5 4. exd5 Nxd5 5. Bg2 Be6 6. Nf3 $1 Nc6 7. Qe2 {[%emt 0:09:55] C47: Scotch Four Knights and Four Knights with 4 g3} (7. O-O $14 Bd6 8. d3 Nxc3 9. bxc3 O-O 10. Ng5 Bf5 11. Rb1 Rb8 12. Ne4 Qd7 13. Nxd6 Qxd6 14. Re1 Rfe8 {½-½ (49) Karjakin,S (2756)-Leko,P (2730) Beijing 2013}) 7... Nxc3 8. bxc3 Bd6 9. O-O O-O 10. d3 Bd5 $146 ({Predecessor:} 10... Bg4 11. Qe4 Qd7 12. Re1 Bf5 13. Qh4 Rae8 {0-1 (56) Molchanova,T (2285)-Rakitskaja,M (2165) St Petersburg 2004}) 11. Bb2 Re8 12. c4 Nd4 13. Nxd4 Bxg2 14. Kxg2 exd4 15. Qf3 c5 16. Rae1 Qb6 17. Rb1 Qc7 18. c3 dxc3 $1 19. Bxc3 b6 20. Rfe1 Rad8 21. Re3 Rxe3 22. Qxe3 Qc6+ 23. Qf3 Qxf3+ 24. Kxf3 {[%emt 0:00:05] [#]} Bxg3 $1 25. Ke3 (25. Bxg7 $17 Bxh2 26. Bb2) 25... Bxh2 26. f4 f6 27. Rh1 Bg3 28. Rg1 Bh4 29. Rg4 Re8+ 30. Kf3 {[%emt 0:00:08] [#]} g5 $1 31. Rg1 Kf7 $19 32. Kg4 Re3 33. Rf1 Kg6 34. f5+ Kf7 35. Rd1 Rg3+ 36. Kh5 Rf3 37. a4 Rxf5 38. a5 Rf4 39. axb6 Bg3 0-1